 Dungeon Crawl Stone Soup version 0.25.1-2-g60ff931df9 (webtiles) character file.

Game seed: 1995481097106468034

442134 Curus the Conqueror (level 23, -11/240 HPs)
             Began as a Minotaur Fighter on Sept 17, 2020.
             Was the Champion of Trog.
             Killed from afar by an ancient lich (44 damage)
             ... with a bolt of acid
             ... on level 5 of the Vaults on Sept 18, 2020.
             The game lasted 04:44:19 (46015 turns).

Curus the Conqueror (Minotaur Fighter)             Turns: 46015, Time: 04:44:20

Health: -11/240    AC: 45    Str: 24    XL:     23   Next: 4%
Magic:  28/28      EV: 13    Int: 10    God:    Trog [******]
Gold:   1100       SH: 20    Dex: 25    Spells: 22/22 levels left

rFire    + + .     SeeInvis +   V - +5 demon blade (vorpal)
rCold    + . .     Gourm    .   R - +5 kite shield of the Endless Gods {Str+4 Dex+7}
rNeg     + . .     Faith    .   Q - +10 plate armour of Inevitability {rN+ Regen+ Str-3 Slay+5}
rPois    +         Spirit   .   b - +2 hat {Int+3}
rElec    .         Reflect  +   Y - scarf {rC+ rF+}
rCorr    .         Harm     .   F - +2 pair of gloves
MR       ++++.     Clarity  +   Z - +2 pair of boots
Stlth    ..........             C - amulet "Biotoa" {Reflect +Inv +Fly SH+5 SInv}
HPRegen  1.90/turn              r - ring "Utsea" {+Blink +Fly rPois MR+}
MPRegen  0.21/turn              G - ring of protection from fire

@: berserk cooldown, regenerating, slowed, very slow
A: retaliatory headbutt, horns 2, slimy green scales 1, agile 1, clarity, shaggy
fur 1
}: 2/15 runes: decaying, gossamer
a: Berserk, Trog's Hand, Brothers in Arms, Renounce Religion, Evoke Blink, Evoke
Invisibility, Evoke Flight


You were on level 5 of the Vaults.
You worshipped Trog.
Trog was exalted by your worship.
You were not hungry.

You visited 7 branches of the dungeon, and saw 38 of its levels.
You also visited: Ice Cave, Volcano and Wizlab.

You collected 4869 gold pieces.
You spent 3769 gold pieces at shops.

Inventory:

Hand Weapons
 l - a +4 demon blade of flaming
 V - a +5 vorpal demon blade (weapon)
Armour
 b - a +2 hat of intelligence (worn)
 F - a +2 pair of gloves (worn)
 J - a +0 cloak of magic resistance
 Q - the +10 plate armour of Inevitability (worn) {rN+ Regen+ Str-3 Slay+5}
   (You bought it in a shop on level 4 of the Dungeon)

   It affects your strength (-3).
   It affects your accuracy and damage with ranged weapons and melee attacks
   (+5).
   It protects you from negative energy.
   It increases your rate of regeneration.
 R - the +5 kite shield of the Endless Gods (worn) {Str+4 Dex+7}
   (You found it on level 1 of the Lair of Beasts)

   It affects your strength (+4).
   It affects your dexterity (+7).
 Y - a scarf of resistance (worn)
 Z - a +2 pair of boots (worn)
Jewellery
 a - an uncursed ring of positive energy
 h - an uncursed ring of protection from magic
 r - the ring "Utsea" (left hand) {+Blink +Fly rPois MR+}
   (You acquired it on level 2 of the Lair of Beasts)

   [ring of flight]

   It protects you from poison.
   It affects your resistance to hostile enchantments.
   It lets you fly.
   It lets you blink.
 w - an uncursed ring of protection from cold
 A - a +4 ring of evasion
 C - the amulet "Biotoa" (around neck) {Reflect +Inv +Fly SH+5 SInv}
   (You took it off a vault sentinel on level 5 of the Vaults)

   [amulet of reflection]

   It shields you and reflects attacks.
   It lets you see invisible.
   It lets you turn invisible.
   It lets you fly.
   It affects your SH (+5).
 G - a ring of protection from fire (right hand)
 H - a +6 ring of dexterity
 I - an uncursed ring of protection from cold
 L - a +6 ring of dexterity
 N - an uncursed ring of poison resistance
 O - the amulet "Eptuirik" {Spirit *Corrode *Drain rElec rC+++}
   (You found it in an ice cave)

   [amulet of guardian spirit]

   It causes incoming damage to be split between your health and magic.
   It renders you almost immune to cold.
   It insulates you from electricity.
   It may corrode you when you take damage.
   It causes draining when unequipped.
 T - an uncursed ring of flight
Wands
 c - a wand of digging (19)
 g - a wand of flame (43)
 i - a wand of clouds (8)
 s - a wand of iceblast (28)
 v - a wand of polymorph (15)
 y - a wand of paralysis (35)
 K - a wand of disintegration (34)
 M - a wand of acid (59)
Scrolls
 j - 14 scrolls of remove curse
 k - 7 scrolls of magic mapping
 n - a scroll of fog
 p - 31 scrolls of identify
 B - 17 scrolls of teleportation
 E - 4 scrolls of fear
 P - 5 scrolls of blinking
Potions
 d - 6 potions of might
 e - 19 potions of curing
 q - 7 potions of haste
 t - a potion of berserk rage
 x - 5 potions of magic
 D - 7 potions of ambrosia
 S - 4 potions of heal wounds
 U - a potion of cancellation
 X - 3 potions of resistance
Comestibles
 f - 61 rations
 m - 10 chunks of flesh


   Skills:
 O Level 27 Fighting
 - Level 18.0 Long Blades
 O Level 27 Armour
 + Level 4.7 Dodging
 - Level 15.0 Shields
 - Level 8.6 Evocations


You had 22 spell levels left.
You didn't know any spells.
Your spell library was empty.

Dungeon Overview and Level Annotations

Branches:
Dungeon (15/15)            Temple (0/1) D:5            Lair (6/6) D:8
  Swamp (4/4) Lair:3       Spider (4/4) Lair:4        Slime (0/5) Lair:5
    Orc (2/2) D:9             Elf (0/3) Orc:2        Vaults (5/5) D:13
  Crypt (0/3) Vaults:2     Depths (2/5) D:15          IceCv (visited)
Volcano (visited)          WizLab (visited)

Altars:
Ashenzari
Cheibriados
Fedhas
Gozag
Hepliaklqana
Nemelex Xobeh
Okawaru
Ru
Trog
Uskayaw
Wu Jian
Jiyva

Shops:
D:4 [   D:13 (   Orc:2 *!**[   Vaults:1 (   Vaults:3 !   Depths:1 }=}

Portals:
Hell: Depths:1 Depths:2
Abyss: Depths:1
Pandemonium: Depths:2
Ziggurat: Depths:2


Innate Abilities, Weirdness & Mutations

You reflexively headbutt those who attack you in melee.
You have a pair of horns on your head.
You are partially covered in slimy green scales. (AC +2)
You are agile. (Dex +2)
You possess an exceptional clarity of mind.
You are covered in fur. (AC +1)


Message History

You feel a strong urge to attack something.
Eat one of 11 chunks of flesh? (ye/n/q)
You eat one of the 11 chunks of flesh.
This raw flesh tastes terrible.
You are no longer berserk.
You are exhausted.
You feel yourself slow down.
You start resting.
An ancient lich comes into view.
The ancient lich shouts!
You hear a shout!
A vault warden comes into view. It is wielding a +0 great mace.
You hit the ancient lich.
You headbutt the ancient lich, but do no damage.
The ancient lich is lightly damaged.
The ancient lich gestures at you while chanting.
The crystal spear hits you!!!!
* * * LOW HITPOINT WARNING * * *
You feel much better. The ancient lich casts a spell at you.
The bolt of acid hits you!!!
You die...

#....#..†[..###.....#
#....#..)()...##.....
#....####.).)..# .e..
#....#[.##).((.## ...
#....#())#...)).# ..
#.^..#!.(#.)....# .
#....#..((.....##
#....#(}.((....#
#...@#....)...##
#.)[L#......###
#..))#(.(####
#....#.###. .
#.#..).###....
#.#.#..).# .....
#.#.#p.)(##.....
#...#...)#.....
#........(.....


You could see an ancient lich and a vault warden.

Vanquished Creatures
  Mara (Spider:4)
  2 ancient liches
  Bai Suzhen (Depths:1)
  Frederick (Depths:1)
  3 golden dragons (Vaults:5)
  A bone dragon (Vaults:2)
  Arachne (Spider:4)
  Rupert (Lair:5)
  3 tentacled monstrosities
  2 quicksilver dragons
  A titan (Vaults:5)
  An ancient champion (WizLab)
  2 sphinxes
  2 shadow dragons
  2 storm dragons
  Donald (Spider:4)
  2 tengu reavers
  6 fire giants
  10 vault wardens
  An orc warlord (Orc:1)
  A deep elf elementalist (Depths:2)
  Louise (Depths:1)
  6 emperor scorpions
  2 frost giants
  3 ghost moths (Spider:4)
  Aizul (Swamp:4)
  A spriggan defender (Depths:1)
  12 ironheart preservers
  3 war gargoyles (Vaults:5)
  15 stone giants
  A very ugly thing (Vaults:5)
  3 entropy weavers
  2 vampire knights (Depths:1)
  A deep elf demonologist (Vaults:3)
  A white draconian (IceCv)
  9 spark wasps
  8 ettins
  3 fire dragons
  Josephine (Lair:4)
  A deep elf death mage (Vaults:3)
  A deep elf high priest (Depths:2)
  13 yaktaur captains
  2 great orbs of eyes (Vaults:4)
  18 hydras
  3 rakshasas
  Harold (D:8)
  9 ice dragons
  33 vault guards
  4 ghost crabs
  3 shambling mangroves
  10 centaur warriors
  2 catoblepae
  28 two-headed ogres
  5 death yaks (Lair:6)
  10 ogre magi
  2 death knights
  3 tengu warriors (D:15)
  6 deep troll shamans
  2 deep troll earth magi
  12 alligators
  A hell knight (Volcano)
  3 spriggan berserkers (Depths:2)
  Nergalle (Lair:3)
  2 deep elf knights (Vaults:3)
  A salamander mystic (Depths:2)
  A fire crab (shapeshifter) (Vaults:4)
  3 glowing orange brains
  A shadow wraith (Vaults:4)
  8 swamp dragons
  15 skeletal warriors
  10 deep trolls
  3 spriggan druids
  An infernal demonspawn (Depths:2)
  5 flayed ghosts
  2 unseen horrors (D:14)
  2 wizards (Vaults:2)
  4 deep elf archers (Vaults:4)
  An orange crystal statue (D:12)
  15 orc knights
  12 ironbrand convokers
  2 necromancers
  A lindwurm (Lair:6)
  An obsidian statue (D:15)
  A wolf spider zombie (D:15)
  3 harpies (Vaults:3)
  2 salamanders (Depths:2)
  43 wolf spiders
  23 deep elf magi
  12 orb spiders
  12 cyclopes
  An orc sorcerer (Vaults:2)
  3 oklob plants (Lair:1)
  A manticore (D:13)
  A shining eye (shapeshifter) (Depths:2)
  25 ugly things
  A moth of wrath (Spider:3)
  6 black mambas
  14 elephants
  2 black mambas (shapeshifter)
  A fire giant skeleton (Vaults:4)
  17 vault sentinels
  An ice statue (IceCv)
  2 molten gargoyles (Volcano)
  2 torpor snails
  2 spiny frogs (shapeshifter)
  An orange demon (Depths:2)
  A gargoyle (D:13)
  3 centaur skeletons
  13 spiny frogs
  57 yaktaurs
  8 freezing wraiths
  7 komodo dragons
  4 tengu conjurers
  A tormentor (Depths:2)
  10 demonic crawlers
  An efreet (D:13)
  An ice devil (Depths:2)
  A yaktaur skeleton (Vaults:4)
  2 meliai (shapeshifter)
  3 human skeletons
  32 jumping spiders
  19 hornets
  9 trolls
  21 polar bears
  7 tyrant leeches
  8 hippogriffs
  A hippogriff (shapeshifter) (Depths:1)
  36 slime creatures
  20 blink frogs
  6 bog bodies
  A raiju (shapeshifter) (D:13)
  2 meliai zombies (D:13)
  A fire giant simulacrum (Vaults:3)
  97 redbacks
  A redback (shapeshifter) (Depths:2)
  2 wyverns
  2 shadows
  A ynoxinul (Depths:2)
  53 yaks
  48 tarantellas
  2 hogs (shapeshifter)
  2 fire bats (Volcano)
  A tarantella (shapeshifter) (Vaults:4)
  6 vampires
  A water elemental (D:12)
  Eustachio (D:6)
  8 spriggans
  6 wraiths
  4 basilisks
  An elf zombie (Vaults:4)
  A spriggan (shapeshifter) (Depths:2)
  A basilisk (shapeshifter) (Vaults:1)
  12 vampire mosquitoes
  2 human simulacra
  A steam dragon (D:11)
  2 hungry ghosts
  Grum (D:8)
  6 wargs
  3 acid dragons
  20 swamp worms
  2 two-headed ogre zombies (WizLab)
  Menkaure (D:6)
  2 hell hounds (Orc:2)
  21 water moccasins
  14 porcupines
  10 swamp drakes
  5 ice beasts
  A hornet zombie (D:9)
  An eye of draining (D:14)
  2 sky beasts
  4 black bears
  6 phantoms
  35 wolves
  25 ogres
  52 orc warriors
  7 boggarts
  31 centaurs
  A human zombie (Vaults:1)
  17 crocodiles
  3 big kobolds
  14 bullfrogs
  A gnoll sergeant (D:9)
  A wyvern zombie (D:5)
  A hornet simulacrum (Vaults:1)
  4 scorpions
  6 killer bees (D:12)
  6 troll zombies (WizLab)
  7 howler monkeys
  23 wights
  8 electric eels
  5 lava snakes (Volcano)
  7 centaur zombies
  9 crimson imps
  A yaktaur simulacrum (Vaults:1)
  8 hounds
  A jelly (shapeshifter) (Vaults:5)
  3 jellies
  14 orc priests
  Crazy Yiuf (D:3)
  4 bullfrog skeletons
  2 iguanas
  29 orc wizards
  3 worker ants
  7 ogre zombies (WizLab)
  2 worker ant zombies
  5 gnolls (D:9)
  A howler monkey skeleton (D:4)
  20 adders
  4 shadow imps
  2 oozes
  2 adder zombies (D:9)
  2 adder skeletons (D:4)
  3 worms
  2 dart slugs
  2 leopard geckos
  102 orcs
  9 bats
  8 giant cockroaches
  8 goblins
  A hobgoblin (D:3)
  14 jackals
  17 kobolds
  2 quokkas (D:9)
  5 frilled lizards
  A leopard gecko skeleton (D:6)
  A quokka skeleton (D:6)
  7 rats
  A rat (shapeshifter) (Vaults:5)
  2 plants
1745 creatures vanquished.

Vanquished Creatures (collateral kills)
  A vault warden (Vaults:2)
  An ettin (Depths:2)
  A vault guard (Vaults:4)
  A two-headed ogre (Depths:2)
  A salamander (Depths:2)
  5 yaktaurs
  2 slime creatures (Depths:2)
12 creatures vanquished.

Vanquished Creatures (others)
  A thorn hunter (Swamp:4)
  3 spriggan druids (Swamp:4)
  A swamp dragon (Swamp:4)
  A spiny frog (Swamp:4)
  A hornet (Swamp:4)
  A spriggan (Swamp:4)
  A water moccasin (Lair:1)
  An ogre (Vaults:5)
  2 boggarts (Vaults:2)
  An orc wizard (D:4)
  3 briar patches (Swamp:4)
  A bush (Lair:4)
  16 fungi
  3 plants
36 creatures vanquished.

Grand Total: 1793 creatures vanquished

Notes
Turn   | Place    | Note
-------+----------+-------------------------------------------
     0 | D:1      | Curus the Minotaur Fighter began the quest for the Orb.
     0 | D:1      | Reached XP level 1. HP: 19/19 MP: 0/0
   204 | D:1      | Reached XP level 2. HP: 26/26 MP: 1/1
  1202 | D:2      | Found a sparkling altar of Nemelex Xobeh.
  1227 | D:2      | Reached XP level 3. HP: 31/31 MP: 2/2
  1245 | D:2      | Gained mutation: You are frail. (-10% HP) [potion of
                  | mutation]
  1245 | D:2      | Gained mutation: Your spells are a little harder to cast,
                  | but a little more powerful. [potion of mutation]
  1245 | D:2      | Gained mutation: You are partially covered in molten
                  | scales. (AC +2) [potion of mutation]
  1575 | D:2      | Reached skill level 5 in Long Blades
  1581 | D:2      | Reached XP level 4. HP: 33/35 MP: 3/3
  2122 | D:3      | Reached XP level 5. HP: 40/40 MP: 4/4
  2202 | D:3      | Found a hazy altar of Hepliaklqana.
  2233 | D:3      | Found a hide-covered altar of Uskayaw.
  2554 | D:3      | Found a runed translucent door.
  2555 | D:3      | Noticed Crazy Yiuf
  2660 | D:3      | Found a bloodstained altar of Trog.
  2666 | D:3      | Became a worshipper of Trog the Wrathful
  2948 | D:3      | Killed Crazy Yiuf
  3267 | D:4      | Reached XP level 6. HP: 45/45 MP: 5/5
  3296 | D:4      | Found Jaosm's Antique Armour Boutique.
  3691 | D:4      | Reached XP level 7. HP: 48/51 MP: 6/6
  3860 | D:4      | Reached * piety under Trog
  4124 | D:5      | Entered Level 5 of the Dungeon
  4338 | D:5      | Found a blossoming altar of Fedhas.
  4465 | D:5      | Reached skill level 10 in Long Blades
  4858 | D:5      | Found a staircase to the Ecumenical Temple.
  5193 | D:6      | Noticed Eustachio
  5194 | D:6      | Noticed Menkaure
  5288 | D:6      | Killed Eustachio
  5288 | D:6      | Reached XP level 8. HP: 53/57 MP: 7/7
  5427 | D:6      | Killed Menkaure
  6188 | D:6      | Lost mutation: You are frail. (-10% HP) [potion of
                  | mutation]
  6188 | D:6      | Lost mutation: Your spells are a little harder to cast, but
                  | a little more powerful. [potion of mutation]
  6188 | D:6      | Lost mutation: You are partially covered in molten scales.
                  | (AC +2) [potion of mutation]
  6188 | D:6      | Gained mutation: You are resistant to hostile enchantments.
                  | (MR+) [potion of mutation]
  6188 | D:6      | Gained mutation: Scrolls take you a little longer to read.
                  | [potion of mutation]
  6188 | D:6      | Gained mutation: You are partially covered in slimy green
                  | scales. (AC +2) [potion of mutation]
  6188 | D:6      | Gained mutation: You are robust. (+10% HP) [potion of
                  | mutation]
  6664 | D:7      | Found an iron altar of Okawaru.
  6667 | D:7      | Found an opulent altar of Gozag.
  6667 | D:7      | Found a snail-covered altar of Cheibriados.
  6667 | D:7      | Found an ornate altar of the Wu Jian Council.
  6721 | D:7      | Reached XP level 9. HP: 75/77 MP: 8/8
  7288 | D:8      | Noticed Grum
  7329 | D:8      | Reached ** piety under Trog
  7338 | D:8      | Killed Grum
  7351 | D:8      | Reached skill level 5 in Fighting
  7351 | D:8      | Reached skill level 5 in Armour
  7358 | D:8      | Found a staircase to the Lair.
  7384 | D:8      | Noticed Harold
  7413 | D:8      | Killed Harold
  7462 | D:8      | Reached XP level 10. HP: 68/94 MP: 9/9
  7846 | D:8      | Noticed a two-headed ogre
  7854 | D:8      | Killed a two-headed ogre
  8007 | D:8      | Found a sacrificial altar of Ru.
  8482 | Lair:1   | Entered Level 1 of the Lair of Beasts
  8831 | Lair:1   | Reached skill level 5 in Shields
  8893 | Lair:1   | Reached *** piety under Trog
  8900 | Lair:1   | Reached XP level 11. HP: 41/104 MP: 10/10
  9546 | Lair:1   | Noticed an oklob plant
  9850 | Lair:2   | Identified 2 scrolls of acquirement
  9850 | Lair:2   | Acquired a manual of Fighting
 10105 | Lair:2   | Reached skill level 10 in Shields
 10383 | Lair:2   | Reached skill level 10 in Fighting
 10900 | Lair:2   | Acquired the ring "Utsea" {+Blink +Fly rPois MR+}
 10912 | Lair:3   | Reached skill level 10 in Armour
 11112 | Lair:3   | Noticed Nergalle
 11134 | Lair:3   | Killed Nergalle
 11420 | Lair:3   | Found a staircase to the Swamp.
 12111 | Lair:4   | Found a hole to the Spider Nest.
 12205 | Lair:4   | Found a frozen archway.
 12231 | IceCv    | Entered an ice cave
 12241 | IceCv    | Reached skill level 1 in Evocations
 12349 | IceCv    | Reached **** piety under Trog
 12553 | IceCv    | Reached XP level 12. HP: 114/126 MP: 11/13
 12803 | IceCv    | Reached skill level 5 in Evocations
 13616 | IceCv    | Noticed a white draconian
 13639 | IceCv    | Killed a white draconian
 13978 | IceCv    | Got a twitching ivory amulet
 14246 | IceCv    | Identified the amulet "Eptuirik" {Spirit *Corrode *Drain
                  | rElec rC+++} (You found it in an ice cave)
 14770 | Lair:4   | Noticed a catoblepas
 14781 | Lair:4   | Killed a catoblepas
 15000 | D:4      | Bought an ichor-stained plate armour for 840 gold pieces
 15010 | D:4      | Identified the +10 plate armour of Inevitability {rN+
                  | Regen+ Str-3 Slay+5} (You bought it in a shop on level 4 of
                  | the Dungeon)
 15576 | Lair:4   | Noticed Josephine
 15585 | Lair:4   | Killed Josephine
 15761 | Lair:5   | Reached ***** piety under Trog
 15796 | Lair:5   | Reached XP level 13. HP: 137/137 MP: 18/18
 15844 | Lair:5   | Reached skill level 15 in Fighting
 16030 | Lair:5   | Found a viscous altar of Jiyva.
 16030 | Lair:5   | Found a staircase to the Slime Pits.
 16109 | Lair:5   | Noticed Rupert
 16140 | Lair:5   | Killed Rupert
 16447 | Lair:6   | Entered Level 6 of the Lair of Beasts
 17076 | Lair:6   | Received a gift from Trog
 17438 | Lair:6   | Reached XP level 14. HP: 147/157 MP: 6/19
 17509 | Lair:6   | Reached skill level 15 in Armour
 17917 | Lair:1   | Got a polished kite shield
 17957 | Lair:1   | Identified the +5 kite shield of the Endless Gods {Str+4
                  | Dex+7} (You found it on level 1 of the Lair of Beasts)
 18544 | D:9      | Found a staircase to the Orcish Mines.
 18554 | Orc:1    | Entered Level 1 of the Orcish Mines
 18907 | Orc:1    | Received a gift from Trog
 18986 | Orc:1    | Noticed an orc warlord
 18997 | Orc:1    | Killed an orc warlord
 19044 | Orc:2    | Entered Level 2 of the Orcish Mines
 19044 | Orc:2    | Found a staircase to the Elven Halls.
 19107 | Orc:2    | Found a dark tunnel.
 19113 | Volcano  | Entered a volcano
 19417 | Volcano  | Found a bloodstained altar of Trog.
 19824 | Orc:1    | Lost mutation: You are robust. (+10% HP) [potion of
                  | mutation]
 19824 | Orc:1    | Lost mutation: You are resistant to hostile enchantments.
                  | (MR+) [potion of mutation]
 19824 | Orc:1    | Lost mutation: Scrolls take you a little longer to read.
                  | [potion of mutation]
 19824 | Orc:1    | Gained mutation: You possess an exceptional clarity of
                  | mind. [potion of mutation]
 19824 | Orc:1    | Gained mutation: You are covered in fur. (AC +1) [potion of
                  | mutation]
 19824 | Orc:1    | Gained mutation: You are agile. (Dex +2) [potion of
                  | mutation]
 20060 | Orc:1    | Received a gift from Trog
 20519 | Orc:2    | Found Caim's Armour Emporium.
 20686 | Orc:2    | Found Culyn's Distillery.
 20686 | Orc:2    | Found Toummij's General Store.
 20688 | Orc:2    | Found Inaemmoa's Assorted Antiques.
 20690 | Orc:2    | Found Uploiqas's General Store.
 20694 | Orc:2    | Bought a potion of heal wounds for 55 gold pieces
 20696 | Orc:2    | Bought a potion of heal wounds for 70 gold pieces
 20696 | Orc:2    | Bought a potion of curing for 42 gold pieces
 20696 | Orc:2    | Bought a potion of resistance for 140 gold pieces
 20696 | Orc:2    | Bought a potion of might for 56 gold pieces
 20697 | Orc:2    | Bought a wand of iceblast (12) for 256 gold pieces
 20697 | Orc:2    | Bought a scarf of resistance for 512 gold pieces
 20699 | Orc:2    | Bought a pair of runed boots for 262 gold pieces
 20699 | Orc:2    | Bought a scroll labeled UREGUR WIEPAU for 35 gold pieces
 21641 | D:10     | Entered Level 10 of the Dungeon
 21866 | D:10     | Reached ****** piety under Trog
 21936 | D:9      | Acquired a +0 hat of intelligence
 21994 | D:10     | Received a gift from Trog
 22214 | D:10     | Got a clouded wooden ring
 22254 | D:10     | Identified the ring of Duevucal {rElec rPois rF- Dex+6}
                  | (You found it on level 10 of the Dungeon)
 23029 | D:11     | Reached XP level 15. HP: 153/155 MP: 20/20
 23529 | D:12     | Received a gift from Trog
 24273 | D:13     | Found a gate to the Vaults.
 24523 | D:13     | Got a fine crystal plate armour
 24678 | D:13     | Received a gift from Trog
 24726 | D:13     | Found Omettioh's Antique Weapon Shop.
 24805 | D:12     | Identified the cursed +1 crystal plate armour of Ruiniet
                  | {Dex+3} (You found it on level 13 of the Dungeon)
 26480 | D:15     | Entered Level 15 of the Dungeon
 27142 | D:15     | Found a staircase to the Depths.
 27152 | D:15     | Received a gift from Trog
 27460 | D:15     | Reached XP level 16. HP: 164/167 MP: 21/21
 27772 | Orc:2    | Bought a twisted bronze ring for 175 gold pieces
 27912 | Swamp:1  | Entered Level 1 of the Swamp
 28006 | Swamp:1  | You fall into a shaft and drop 1 floor!
 29658 | Swamp:3  | Received a gift from Trog
 30307 | Spider:1 | Entered Level 1 of the Spider Nest
 30892 | Spider:1 | Reached skill level 15 in Shields
 31286 | Spider:1 | Received a gift from Trog
 31823 | Spider:2 | Reached XP level 17. HP: 168/176 MP: 20/22
 32326 | Spider:3 | Received a gift from Trog
 33101 | Swamp:4  | Entered Level 4 of the Swamp
 33171 | Swamp:4  | Noticed a tentacled monstrosity
 33186 | Swamp:4  | Killed a tentacled monstrosity
 33213 | Swamp:4  | Got a jewelled buckler
 33245 | Swamp:4  | Noticed Aizul
 33254 | Swamp:4  | Killed Aizul
 33409 | Swamp:4  | Got a decaying rune of Zot
 33926 | Swamp:4  | Received a gift from Trog
 34006 | Lair:3   | Identified the cursed +0 buckler "Nobooxit" {rC- Int+4
                  | Dex+4 SInv} (You found it on level 4 of the Swamp)
 34076 | Spider:4 | Entered Level 4 of the Spider Nest
 34085 | Spider:4 | Noticed Donald
 34131 | Spider:4 | Killed Donald
 34195 | Spider:4 | Noticed Arachne
 34211 | Spider:4 | Killed Arachne
 34385 | Spider:4 | Noticed Mara
 34429 | Spider:4 | Reached XP level 18. HP: 117/188 MP: 20/23
 34447 | Spider:4 | Killed Mara
 34718 | Spider:4 | Received a gift from Trog
 35009 | Spider:4 | Got a gossamer rune of Zot
 35539 | Vaults:1 | Entered Level 1 of the Vaults
 35626 | Vaults:1 | Received a gift from Trog
 36656 | Vaults:1 | Found Aczig's Weapon Emporium.
 36778 | Vaults:2 | Noticed a bone dragon
 36800 | Vaults:2 | Killed a bone dragon
 36847 | Vaults:2 | Found a staircase to the Crypt.
 37083 | Vaults:2 | Received a gift from Trog
 37424 | Vaults:2 | You fall into a shaft and drop 2 floors!
 37463 | Vaults:4 | Reached XP level 19. HP: 200/200 MP: 24/24
 37920 | Vaults:2 | Received a gift from Trog
 38939 | Vaults:3 | Received a gift from Trog
 39012 | Vaults:3 | Found Teoroebe's Distillery.
 39015 | Vaults:3 | Bought a potion of experience for 850 gold pieces
 39015 | Vaults:3 | Bought a potion of heal wounds for 85 gold pieces
 39015 | Vaults:3 | Bought a potion of curing for 51 gold pieces
 39015 | Vaults:3 | Bought 2 potions of curing for 102 gold pieces
 39015 | Vaults:3 | Bought a potion of haste for 170 gold pieces
 39015 | Vaults:3 | Bought a potion of might for 68 gold pieces
 39855 | Vaults:3 | Identified the +7 falchion "Ostrasit" {pain, Str+4}
 40040 | Vaults:3 | Received a gift from Trog
 40475 | Vaults:4 | Reached XP level 20. HP: 124/212 MP: 15/25
 40813 | Vaults:3 | Reached XP level 21. HP: 221/221 MP: 26/26
 41238 | Vaults:4 | Received a gift from Trog
 41948 | Depths:1 | Entered Level 1 of the Depths
 42132 | Depths:1 | Noticed Louise
 42133 | Depths:1 | Found a one-way gate to the infinite horrors of the Abyss.
 42146 | Depths:1 | Killed Louise
 42156 | Depths:1 | Noticed Bai Suzhen
 42167 | Depths:1 | Killed Bai Suzhen
 42220 | Depths:1 | Noticed Frederick
 42242 | Depths:1 | Killed Frederick
 42276 | Depths:1 | Found a gateway to Hell.
 42378 | Depths:1 | Found a magical portal.
 42388 | WizLab   | Entered Zonguldrok's Shrine
 42433 | WizLab   | Received a gift from Trog
 42659 | WizLab   | Noticed an antique lich
 42669 | WizLab   | Killed an antique lich
 42701 | WizLab   | Found the +9 sword of Zonguldrok {reap}
 42918 | Depths:1 | Found Ycycew's Gadget Boutique.
 42918 | Depths:1 | Found Tairro's Jewellery Shoppe.
 42919 | Depths:1 | Found Xack's Gadget Boutique.
 43106 | Depths:2 | Reached skill level 27 in Fighting
 43407 | Depths:2 | Received a gift from Trog
 43461 | Depths:2 | Reached XP level 22. HP: 82/233 MP: 7/27
 43505 | Depths:2 | HP: 11/233 [ettin/cursed -1 great mace (22)]
 43861 | Depths:2 | Found a one-way gate leading to the halls of Pandemonium.
 43949 | Depths:2 | Found a shattered altar of Ashenzari.
 44012 | Depths:2 | Received a gift from Trog
 44078 | Depths:2 | Found a gateway to a ziggurat.
 44624 | Vaults:5 | Entered Level 5 of the Vaults
 44649 | Vaults:5 | Noticed a golden dragon
 45112 | Vaults:4 | Reached skill level 27 in Armour
 45118 | Vaults:4 | Reached skill level 15 in Long Blades
 45664 | Vaults:5 | Noticed a golden dragon
 45687 | Vaults:5 | Killed a golden dragon
 45740 | Vaults:5 | Noticed an ancient lich
 45748 | Vaults:5 | Killed an ancient lich
 45762 | Vaults:5 | Killed a golden dragon
 45780 | Vaults:5 | Noticed a golden dragon
 45791 | Vaults:5 | Killed a golden dragon
 45800 | Vaults:5 | Identified the amulet "Biotoa" {Reflect +Inv +Fly SH+5
                  | SInv}
 45886 | Vaults:5 | Received a gift from Trog
 45974 | Vaults:5 | Reached skill level 1 in Dodging
 45984 | Vaults:5 | Reached XP level 23. HP: 59/240 MP: 28/28
 46008 | Vaults:5 | Noticed an ancient lich
 46014 | Vaults:5 | HP: 11/240 [ancient lich/crystal spear (78)]
 46015 | Vaults:5 | Killed from afar by an ancient lich

Illustrated notes

Levels and vault maps discovered:
D:1:      roderic_chinese_lattice_arrival, layout_basic,
          corexii_item_surrounded_by_moat, minmay_statues_item, minmay_cut_off
D:2:      layout_basic, old_standard_altar, first_ration
D:3:      layout_basic, gammafunk_temple_overflow_forgotten, amethyst_killhole,
          uniq_crazy_yiuf_cottage
D:4:      layout_basic, serial_shops, shop, due_unseen_surprise
D:5:      layout_loops_corners, minmay_temple_entry_statues, fedhas_altar_3
D:6:      layout_loops_cross, minmay_fountain_box, minmay_diced_spiral,
          uniq_eustachio, uniq_menkaure
D:7:      layout_layer_cave, gammafunk_temple_overflow_claw,
          okawaru_metal_pillars_3
D:8:      layout_loops_ring, kennysheep_mini_moat, due_lair_maze_entry_diamond,
          blue_anna_alchemist [blue_anna_fruit_fields, blue_anna_fruit_fields],
          uniq_harold, uniq_grum
D:9:      layout_basic, orc_0_dummy, serial_bayou, serial_bayou_ford_a,
          serial_bayou_lake_a, serial_bayou_shore_b, serial_bayou_pond_e
D:10:     layout_stronghold
D:11:     layout_irregular_city, minmay_fractal_squares_gapless_7
D:12:     layout_gridville, minivault_25_ag, minivault_16, elves_outpost_lemuel
D:13:     layout_stronghold, lightli_vaults_fourway_checkpoint, serial_shops,
          nicolae_shop_statue_plus, minmay_checkered_concentric_circles
D:14:     minmay_wavy_crystal, layout_long_grid, nicolae_two_hexagons
D:15:     grunt_enter_depths_snipers, layout_basic, serial_bayou_pond_c,
          minivault_16
Lair:1:   layout_hall_layers, minmay_lair_oklob_chamber, grunt_megastairs_4,
          serial_bayou_shore_a
Lair:2:   layout_gridlike
Lair:3:   layout_regular_city, minmay_swamp_entry_worms, uniq_nergalle
Lair:4:   layout_concentric_octagons, dummy_spider_entry,
          portal_ice_cave_entry_pillars_2, uniq_josephine
Lair:5:   layout_hall_layers, dpeg_slime_entry_enclosed_altar, serial_bayou,
          serial_bayou_pond_e, serial_bayou_pond_b, serial_bayou_pond_d,
          serial_bayou_pond_c, uniq_rupert
Lair:6:   grunt_lair_end_beastmaster, layout_regular_city, patterned_corridor,
          grunt_megastairs_1
Swamp:1:  layout_falls_marsh, evilmike_swamp_ruin_house_1
Swamp:2:  layout_basic_swamp, evilmike_swamp_ruin_house_3, swamp_pool3,
          nicolae_swamp_alligator_family
Swamp:3:  layout_basic_swamp, evilmike_swamp_ruin_house_5,
          nicolae_swamp_dense_foliage
Swamp:4:  swamp, layout_basic_swamp, swamp_pool2,
          nicolae_swamp_orc_logging_accident, uniq_aizul
Spider:1: layout_spider_delve, hangedman_spider_tarantella_strand
Spider:2: layout_spider_delve
Spider:3: layout_spider_delve
Spider:4: spider_rune_water, nicolae_arachne_temple, uniq_mara, uniq_arachne,
          uniq_donald
Orc:1:    layout_caves, minmay_orc_barracks
Orc:2:    st_orc_rangers, layout_caves, enter_volcano_3, serial_shops, shop
Vaults:1: v_alt_pattern_3, v_misc_3, vaults_dpeg_ring, v_alt_pattern_4,
          nicolae_vaults_murderbox, grunt_vaults_funnel, v_alt_pattern_2,
          v_misc_16, v_misc_33, nicolae_vaults_diagonal_hallway_7,
          nicolae_vaults_ring_of_whatevers, v_misc_25, grunt_vaults_diagonal,
          layout_vaults_omnibox, serial_shops, nicolae_shop_statue_plus
Vaults:2: nicolae_vaults_ninety_degrees, v_alt_pattern_5, v_misc_29,
          minmay_crypt_entry_nasty_monster, nicolae_vaults_little_squares_4,
          hangedman_vaults_slither, nicolae_vaults_ring_of_whatevers, v_misc_12,
          ontoclasm_vaults_chip, ontoclasm_vaults_ligature, vaults_room_pools,
          vaults_room_pools, vaults_room_hallway, layout_vaults_omnicross
Vaults:3: nicolae_vaults_branching_niches, v_misc_17, ontoclasm_vaults_eye,
          ontoclasm_vaults_ring_large, nicolae_vaults_angled_halls, v_misc_5,
          v_misc_11, grunt_vaults_swirl, nicolae_vaults_network_barrier,
          nicolae_vaults_specimen_jars, v_misc_9,
          hangedman_vaults_stretched_pinwheel, vaults_dpeg_diagonal,
          layout_vaults_maze, serial_shops, nicolae_shop_behind_doors
Vaults:4: grunt_vaults_trifunnel, serial_ice_b,
          nicolae_vaults_network_quinsquares
          [nicolae_vaults_network_quincunx_subvault,
          nicolae_vaults_network_quincunx_subvault,
          nicolae_vaults_network_quincunx_subvault,
          nicolae_vaults_network_quincunx_subvault], st_smaller_cells,
          hangedman_vaults_river_flow, vaults_room_door_hall, vaults_dpeg_hooks,
          vaults_dpeg_encased_lava, layout_vaults_omnigrid
Vaults:5
Depths:1: layout_cave_shapes, nicolae_abyss_entry_one_way_or_another,
          mu_enter_wizlab_3, hell_entry, minmay_crystal_room,
          hangedman_abyss_or_decor_jellyfish_corner, minivault_16, st_stairs_14,
          sword_in_stone, minmay_shop_grove, uniq_bai_suzhen
Depths:2: minmay_diamond_stairs, layout_cave_pools, enter_ziggurat_a,
          hell_entry, rand_demon_pan_entry_3, evilmike_ruin_ashenzari,
          drop_trap, lemuel_flame_loot_1

Skill      XL: |  1  2  3  4  5  6  7  8  9 10 11 12 13 14 15 16 17 18 19 20 21 22 23 |
---------------+----------------------------------------------------------------------+-----
Long Blades    | 3 4 5 6 7 9 11 13 14 18 | 18.0
Fighting       | 7 8 13 14 18 19 21 23 24 25 26 27 | 27.0
Armour         | 7 8 11 12 14 17 19 21 22 24 26 27 | 27.0
Shields        | 9 10 15 | 15.0
Evocations     | 2 8 |  8.6
Dodging        | 3 4 |  4.7

Action                   |  1- 3 |  4- 6 |  7- 9 | 10-12 | 13-15 | 16-18 | 19-21 | 22-24 || total
-------------------------+-------+-------+-------+-------+-------+-------+-------+-------++-------
Melee: Long sword        |    65 |   192 |   295 |       |       |       |       |       ||   552
       Headbutt          |    12 |    33 |    61 |   195 |   473 |   569 |   475 |   215 ||  2033
       Unarmed           |       |     1 |       |       |       |       |       |       ||     1
       Scimitar          |       |       |    13 |   845 |   601 |       |       |       ||  1459
       Falchion          |       |       |       |       |    21 |       |       |       ||    21
       Demon blade       |       |       |       |       |   794 |  1493 |  1148 |   443 ||  3878
       Double sword      |       |       |       |       |       |       |       |    48 ||    48
Invok: Berserk           |       |       |     1 |     3 |     1 |     5 |     3 |     3 ||    16
       Trog's Hand       |       |       |       |       |       |     1 |       |     2 ||     3
       Brothers in Arms  |       |       |       |       |       |       |       |     2 ||     2
 Abil: Evoke Flight      |       |       |       |     1 |       |     5 |       |       ||     6
       Evoke Blink       |       |       |       |       |       |       |       |     2 ||     2
Evoke: Wand              |       |     1 |       |     5 |     2 |     3 |     2 |     4 ||    17
  Use: Potion            |     7 |     1 |     2 |     1 |     6 |     2 |     1 |     3 ||    23
       Scroll            |     4 |     3 |     4 |     5 |     9 |    10 |     4 |     2 ||    41
 Stab: Petrified         |       |       |       |       |     8 |       |       |       ||     8
  Eat: Chunk             |     2 |     7 |     7 |    19 |    35 |    29 |    18 |     8 ||   125
       Ration            |       |       |     3 |     4 |     1 |     3 |     1 |     2 ||    14
Armor: Scale mail        |    34 |   111 |    11 |       |       |       |       |       ||   156
       Pearl dragon scal |       |       |    98 |   389 |       |       |       |       ||   487
       Plate armour      |       |       |       |    21 |   564 |   824 |   395 |   388 ||  2192
Dodge: Dodged            |    14 |    67 |    72 |   222 |   219 |   306 |   194 |   161 ||  1255
Block: Kite shield       |    31 |    94 |   103 |   430 |   881 |  1237 |   775 |   562 ||  4113
       Reflection        |       |       |       |       |       |       |       |     3 ||     3
       Rpst.: Long sword |     3 |    15 |    17 |       |       |       |       |       ||    35
       Scimitar          |       |       |     1 |    46 |    26 |       |       |       ||    73
       Falchion          |       |       |       |       |     1 |       |       |       ||     1
       Demon blade       |       |       |       |       |    15 |    62 |    34 |    25 ||   136
       Double sword      |       |       |       |       |       |       |       |     5 ||     5
